 Dungeon Crawl Stone Soup version 0.30.1-3-gfc49f6343a (webtiles) character file.

Game seed: 6440452833312404059

37 booth the Trooper (level 3, -2/29 HPs)
             Began as a Demonspawn Monk on Aug 9, 2023.
             Was a Believer of Qazlal.
             Slain by Terence
             ... wielding a +0 flail
              (7 damage)
             ... on level 2 of the Dungeon.
             The game lasted 00:08:04 (1455 turns).

booth the Trooper (Demonspawn Monk)                 Turns: 1455, Time: 00:08:05

Health: -2/29      AC:  2    Str: 13    XL:     3   Next: 21%
Magic:  0/3        EV: 13    Int: 11    God:    Qazlal [**....]
Gold:   101        SH:  3    Dex: 15    Spells: 2/2 levels left

rFire   . . .        a - +1 hand axe
rCold   . . .        d - orb {light}
rNeg    . . .        b - +0 robe
rPois   .            (helmet restricted)
rElec   .            (no cloak)
rCorr   .            (no gloves)
SInv    .            (no boots)
Will    .....        (no amulet)
Stlth   +            (no ring)
HPRegen 0.24/turn    (no ring)
MPRegen 0.08/turn

%: no passive effects
@: glowing
A: horns 1, foul stench 1
a: Renounce Religion, Upheaval


You were on level 2 of the Dungeon.
You worshipped Qazlal.
Qazlal was pleased with you.
You visited 1 branch of the dungeon, and saw 2 of its levels.

You collected 101 gold pieces.

Inventory:

Hand Weapons
 a - a +1 hand axe (weapon)
Armour
 b - a +0 robe (worn)
 d - an orb of light (worn)
 f - a +0 ring mail
Scrolls
 e - a scroll of immolation {unknown}
 i - a scroll of poison
Potions
 c - a potion of ambrosia


   Skills:
 + Level 3.4 Fighting
 + Level 3.1 Axes
 + Level 0.2 Armour
 + Level 3.1 Dodging
 + Level 0.4 Invocations


You had 2 spell levels left.
You didn't know any spells.
Your spell library contained the following spells:

 Spells                   Type           Power      Damage    Failure   Level
 Sublimation of Blood     Necr           0%         N/A       47%         2
 Petrify                  Tmut/Erth      0%         N/A       98%         4
 Irradiate                Conj/Tmut      0%         3d11      100%        5


Dungeon Overview and Level Annotations

Branches:
Dungeon (2/15)

Altars:
Qazlal

Annotations:
D:2 Terence


Innate Abilities, Weirdness & Mutations

You have a pair of small horns on your head.
You may rarely emit foul miasma when damaged in melee.


Message History

Found 7 stones.
Found 8 gold pieces.
The frilled lizard bites you.
You hit the frilled lizard.
You kill the frilled lizard!
Qazlal accepts your kill.
You now have 101 gold pieces (gained 8).
Found a stone staircase leading down.
You hear a shout!
Terence the Incautious comes into view.
He is wielding a +0 flail.
Aiming: Upheaval
Press: ? - help, Dir - move target, f - Terence
Aim: Terence, wielding a +0 flail and wearing a +0 scale mail (haloed)
You fail to use your ability.
You hit Terence.
Terence is moderately wounded.
Terence hits you with a +0 flail!
You hit Terence.
Terence is moderately wounded.
Terence hits you with a +0 flail.
You hit Terence but do no damage. You headbutt Terence.
Terence is heavily wounded.
Terence misses you.
You hit Terence but do no damage.
Terence is heavily wounded.
Terence hits you with a +0 flail!
* * * LOW HITPOINT WARNING * * *
Terence closely misses you.
Found 9 gold pieces.
Okay, then.
Aiming: Upheaval
Press: ? - help, Dir - move target, f/p - Terence
Aim: Terence, wielding a +0 flail and wearing a +0 scale mail (heavily wounded, haloed) That beam is likely to hit you.
Continue anyway?
Okay, then.
Aiming: Upheaval
Press: ? - help, Dir - move target, p - Terence The ground shakes violently, spewing rubble!
You can no longer give life to nearby clouds.
Terence hits you with a +0 flail!
You die...

########### #.........#
############.#######.#
.............#######.#######
..........○...........>.....
...........@@#######.#.#####
###.########.# #.#.# # #.#
#.# # ... #.# .... #.#
.....#####.# ......#....#
..$....#.##.# #.####


You could see Terence.

Vanquished Creatures
  A gnoll (D:1)
  2 dart slugs (D:1)
  5 endoplasms (D:1)
  A hobgoblin (D:1)
  3 kobolds (D:1)
  A quokka (D:1)
  3 ball pythons (D:1)
  2 bats
  2 frilled lizards
  2 goblins (D:1)
  3 rats
25 creatures vanquished.

Notes
Turn   | Place    | Note
-------+----------+-------------------------------------------
     0 | D:1      | booth the Demonspawn Monk began the quest for the Orb.
     0 | D:1      | Reached XP level 1. HP: 18/18 MP: 1/1
   338 | D:1      | Gained mutation: You may rarely emit foul miasma when
                  | damaged in melee. [demonic ancestry]
   338 | D:1      | Reached XP level 2. HP: 20/24 MP: 2/2
   398 | D:1      | Found a faded altar of an unknown god.
   447 | D:1      | Prayed at the altar of an unknown god.
   447 | D:1      | Became a worshipper of Qazlal Stormbringer
   447 | D:1      | Reached * piety under Qazlal
   447 | D:1      | Reached ** piety under Qazlal
   530 | D:1      | Reached *** piety under Qazlal
   531 | D:1      | Gained mutation: You have a pair of small horns on your
                  | head. [demonic ancestry]
   531 | D:1      | Reached XP level 3. HP: 20/29 MP: 3/3
  1442 | D:2      | Noticed Terence
  1455 | D:2      | Slain by Terence

Illustrated notes

Levels and vault maps discovered:
D:1:      saegor_arrival_simple_d, layout_basic,
          ebering_ecumenical_altar_sacrificial
D:2:      layout_basic, minivault_25, uniq_terence

Skill      XL: |  1  2 |
---------------+-------+-----
Axes           | 3 |  3.1
Dodging        | 3 |  3.1
Fighting       | |  3.4
Armour         | |  0.2
Invocations    | |  0.4

Action                     || total
---------------------------++-------
  Melee: Hand axe          ||    56
         Headbutt          ||     3
 Invoke: Upheaval          ||     1
    Use: Scroll            ||     2
         Potion            ||     2
 Armour: Robe              ||     4
  Dodge: Dodged            ||    23
  Block: Orb               ||     4
